 Dungeon Crawl Stone Soup version 0.27.1-3-gb3d3a73c9e (webtiles) character file.

Game seed: 13899589113277548675

266 CuBeRJAN3 the Skirmisher (level 6, -3/40 HPs)
             Began as a Gargoyle Fighter on Oct 19, 2021.
             Was an Initiate of Trog.
             Shot with an arrow by a centaur (9 damage)
             ... on level 5 of the Dungeon on Oct 20, 2021.
             The game lasted 00:11:09 (4134 turns).

CuBeRJAN3 the Skirmisher (Gargoyle Fighter)         Turns: 4134, Time: 00:11:10

Health: -3/40      AC: 11    Str: 20    XL:     6   Next: 20%
Magic:  6/6        EV:  7    Int:  9    God:    Trog [......]
Gold:   204        SH:  9    Dex: 10    Spells: 5/5 levels left

rFire    . . .     SeeInvis .   j - +2 whip (drain)
rCold    . . .     Faith    +   c - +0 kite shield
rNeg     + . .     Spirit   .   b - +0 scale mail
rPois    ∞         Reflect  .   (no helmet)
rElec    +         Harm     .   (no cloak)
rCorr    .         Rampage  .   (no gloves)
Will     .....                  (no boots)
Stlth    ..........             v - amulet of faith
HPRegen  0.13/turn              (no ring)
MPRegen  0.10/turn              (no ring)

@: no status effects
A: sickness immunity, AC +4, negative energy resistance 1, electricity
resistance, torment resistance 1, petrification resistance
a: Renounce Religion


You were on level 5 of the Dungeon.
You worshipped Trog.
Trog was noncommittal.
You visited 1 branch of the dungeon, and saw 5 of its levels.

You collected 204 gold pieces.

Inventory:

Hand Weapons
 j - a +2 whip of draining (weapon)
Missiles
 r - 7 boomerangs (quivered)
Armour
 b - a +0 scale mail (worn)
 c - a +0 kite shield (worn)
Jewellery
 v - an amulet of faith (around neck)
Scrolls
 a - a scroll of summoning {unknown}
 g - 4 scrolls of identify {unknown}
 h - 2 scrolls of enchant armour {unknown}
 i - a scroll of blinking {unknown}
 l - a scroll of silence {unknown}
 m - a scroll of holy word {unknown}
 o - a scroll of torment {unknown}
 p - 2 scrolls of teleportation {unknown}
 q - 2 scrolls of magic mapping {unknown}
 u - a scroll of enchant weapon {unknown}
Potions
 d - a potion of might
 e - a potion of resistance {unknown}
 f - a potion of degeneration {unknown}
 k - 2 potions of ambrosia {unknown}
 n - a potion of haste {unknown}
 s - 2 potions of curing {unknown}
 t - a potion of brilliance {unknown}


   Skills:
 * Level 5.0 Fighting
 * Level 4.0 Maces & Flails
 + Level 4.2 Armour
 + Level 4.1 Shields


You had 5 spell levels left.
You didn't know any spells.
Your spell library contained the following spells:

 Spells                   Type           Power      Damage    Failure   Level
 Slow                     Hex            0%         N/A       100%        2
 Confusing Touch          Hex            0%         N/A       100%        3
 Vampiric Draining        Necr           0%         2d6       100%        3


Dungeon Overview and Level Annotations

Branches:
Dungeon (5/15)
 Temple: D:4-7

Altars:
Trog
Xom

Shops:
D:2 [


Innate Abilities, Weirdness & Mutations

You are immune to sickness and miasma.
Your stone body is resilient. (AC +4)
You are immune to poison.
You resist negative energy. (rN+)
You are resistant to electric shocks. (rElec)
You are resistant to unholy torment.
You are immune to petrification.


Message History

The gnoll is severely wounded.
You block the gnoll's attack.
You whack the gnoll!
You kill the gnoll!
Trog accepts your kill.
You start resting.
You hear the quick rusting of a drain nearby.
You start resting.
HP restored.
Things that are here:
a +0 club; a gnoll corpse
Things that are here:
a +0 whip; a +0 spear; a gnoll corpse You hear the quick rusting of a very distant drain.
Found a club.
Found a book of Decay.
Found a stone staircase leading down.
A centaur comes into view.
The centaur shouts!
You see here a book of Decay.
A centaur is nearby!
There is a stone staircase leading down here.
You hear the rapid rusting of a very distant drain.
The centaur wields a +0 shortbow.
The centaur shoots an arrow.
The arrow barely misses you.
The centaur shoots an arrow.
The arrow hits you.
The centaur shoots an arrow.
The arrow hits you!
The centaur shoots an arrow.
The arrow hits you!
The centaur shoots an arrow.
You block the arrow.
The centaur shoots an arrow.
The arrow barely misses you.
The centaur shoots an arrow.
The arrow hits you!
The centaur shoots an arrow.
You block the arrow.
The centaur shoots an arrow.
The arrow hits you!
* * * LOW HITPOINT WARNING * * *
The centaur shoots an arrow.
The arrow hits you.
* * * LOW HITPOINT WARNING * * *
The centaur shoots an arrow.
The arrow hits you.
* * * LOW HITPOINT WARNING * * *
The centaur shoots an arrow.
You block the arrow.
The centaur shoots an arrow.
The arrow hits you!
You die...

.#.#.#.#.###.........
.......#.# ####.#####
#.######.# #..#### #
###.######......
#.........######
#..##.##### ....
#..##.# #.####
####..##.#
#.#.@...>..# ##
#.#.##..##.####....
#.#.##).##.......#
#.#.#######.#####.
#...# #.# ##..# #.#
#..# #:# #.c# #.#
#..# #..


You could see a centaur.

Vanquished Creatures
  An iguana (D:5)
  An orc wizard (D:4)
  10 gnolls
  3 adders
  An ufetubus (D:4)
  4 worms
  A dart slug (D:2)
  4 orcs (D:4)
  2 ball pythons (D:1)
  7 endoplasms
  3 giant cockroaches
  4 goblins
  5 hobgoblins
  7 jackals
  3 quokkas
  2 bats (D:1)
  10 kobolds
  A rat (D:3)
69 creatures vanquished.

Notes
Turn   | Place    | Note
-------+----------+-------------------------------------------
     0 | D:1      | CuBeRJAN3 the Gargoyle Fighter began the quest for the Orb.
     0 | D:1      | Reached XP level 1. HP: 14/14 MP: 1/1
   117 | D:1      | Reached XP level 2. HP: 19/19 MP: 2/2
   286 | D:1      | You fall into a shaft and drop 1 floor!
   292 | D:2      | Found a shimmering altar of Xom.
   524 | D:1      | Reached XP level 3. HP: 22/24 MP: 3/3
  1242 | D:2      | Found Imogauso's Armour Boutique.
  1427 | D:2      | Reached skill level 4 in Fighting
  1427 | D:2      | Reached XP level 4. HP: 29/29 MP: 4/4
  1781 | D:2      | Found a faded altar of an unknown god.
  2089 | D:3      | Found a bloodstained altar of Trog.
  2323 | D:3      | Reached XP level 5. HP: 25/34 MP: 5/5
  2746 | D:3      | Became a worshipper of Trog the Wrathful
  2950 | D:4      | Noticed an ogre
  3568 | D:5      | Entered Level 5 of the Dungeon
  3870 | D:5      | Reached XP level 6. HP: 32/40 MP: 6/6
  3977 | D:5      | Reached skill level 5 in Fighting
  4134 | D:5      | Shot with an arrow by a centaur

Illustrated notes

Levels and vault maps discovered:
D:1:      minmay_arrival_checkered_box, layout_rooms, serial_aquarium,
          aquarium_bridge_island_small [aquarium_subvault_small_water,
          aquarium_subvault_window, aquarium_subvault_bridge,
          aquarium_subvault_balcony, aquarium_subvault_balcony],
          aquarium_bridge_long_separate [aquarium_subvault_balcony,
          aquarium_subvault_bridge, aquarium_subvault_bridge,
          aquarium_subvault_bridge, aquarium_subvault_window,
          aquarium_subvault_bridge], aquarium_window_2, aquarium_window_1,
          aquarium_window_corner, aquarium_window_2, aquarium_view_2e,
          aquarium_balcony_1b, aquarium_pool_four
D:2:      layout_rooms, shapermc_ecumenical_altar_starsandcircs, serial_shops,
          nicolae_shop_stone, basic_altar, kennysheep_minor_cross
D:3:      layout_loops_cross, trog_three_pillars_becter
D:4:      layout_loops_ring, uniq_ijyb
D:5:      layout_loops_ring, gup_sewer_entry_spiral, serial_co_window_serial,
          co_window_corner_a, co_window_paths_a, co_window_of_opportunity_a,
          co_window_paths_b, co_window_of_opportunity_a, co_window_broadway_a,
          co_window_corner_b, co_window_corner_cb, co_window_2corner,
          co_window_broadway_c, co_window_paths_c, co_window_sun,
          glass_columns_c

Skill      XL: |  1  2  3  4  5  6 |
---------------+-------------------+-----
Fighting       | 4 5 |  5.0
Maces & Flails | 3 4 |  4.0
Armour         | 4 |  4.2
Shields        | 4 |  4.1

Action                   |  1- 3 |  4- 6 || total
-------------------------+-------+-------++-------
Melee: Flail             |    84 |    20 ||   104
       Whip              |       |   133 ||   133
Throw: Boomerang         |       |     4 ||     4
Armor: Scale mail        |    47 |    59 ||   106
Dodge: Dodged            |    24 |    29 ||    53
Block: Kite shield       |    47 |    67 ||   114
